 Dungeon Crawl Stone Soup version 0.28-a0-909-g796cbd3a86 (webtiles) character file.

Game seed: 13343848201020588712

246 bande the Covered (level 6, -2/38 HPs)
             Began as a Gargoyle Fighter on Nov 24, 2021.
             Slain by an ogre (21 damage)
             ... on level 4 of the Dungeon.
             The game lasted 00:06:43 (3339 turns).

bande the Covered (Gargoyle Fighter)                Turns: 3339, Time: 00:06:43

Health: -2/38      AC: 19    Str: 20    XL:     6   Next: 11%
Magic:  6/6        EV:  5    Int:  9    God:
Gold:   97         SH: 10    Dex: 10    Spells: 5/5 levels left

rFire   . . .      SeeInvis .   a - +1 war axe
rCold   . . .      Faith    .   b - +2 kite shield {AC+3}
rNeg    + . .      Spirit   .   l - +0 chain mail
rPois   ∞          Reflect  .   c - +0 helmet
rElec   +          Harm     .   (no cloak)
rCorr   .          Rampage  .   h - +0 pair of gloves
Will    .....                   (no boots)
Stlth   ..........              (no amulet)
HPRegen 0.12/turn               (no ring)
MPRegen 0.10/turn               (no ring)

@: no status effects
A: sickness immunity, AC +4, negative energy resistance 1, electricity
resistance, torment resistance 1, petrification resistance
a: no special abilities


You were on level 4 of the Dungeon.
You visited 1 branch of the dungeon, and saw 4 of its levels.

You collected 97 gold pieces.

Inventory:

Hand Weapons
 a - a +1 war axe (weapon)
 m - a +0 flail
Armour
 b - a +2 kite shield of protection (worn)
 c - a +0 helmet (worn)
 h - a +0 pair of gloves (worn)
 l - a +0 chain mail (worn)
Scrolls
 e - 2 scrolls of teleportation
 f - a scroll of enchant weapon
 k - a scroll of fog
Potions
 d - 2 potions of might
 g - a potion of brilliance {unknown}
 i - a potion of magic
 j - a potion of invisibility {unknown}
 n - 2 potions of curing


   Skills:
 + Level 4.1 Fighting
 + Level 4.1 Axes
 + Level 4.5 Armour
 - Level 0.3 Stealth
 + Level 3.8 Shields


You had 5 spell levels left.
You didn't know any spells.
Your spell library contained the following spells:

 Spells                   Type           Power      Damage    Failure   Level
 Shock                    Conj/Air       0%         1d3       100%        1
 Gell's Gravitas          Tloc           0%         N/A       100%        3
 Lesser Beckoning         Tloc           0%         N/A       100%        3
 Portal Projectile        Hex/Tloc       0%         N/A       100%        3
 Swiftness                Air            0%         N/A       100%        3
 Teleport Other           Tloc           0%         N/A       100%        3
 Airstrike                Air            0%         N/A       100%        4
 Blade Hands              Tmut           0%         N/A       100%        5
 Excruciating Wounds      Necr           0%         N/A       100%        5


Dungeon Overview and Level Annotations

Branches:
Dungeon (4/15)
 Temple: D:4-7

Altars:
Elyvilon

Shops:
D:2 =


Innate Abilities, Weirdness & Mutations

You are immune to sickness and miasma.
Your stone body is resilient. (AC +4)
You are immune to poison.
You resist negative energy. (rN+)
You are resistant to electric shocks. (rElec)
You are resistant to unholy torment.
You are immune to petrification.


Message History

You hit the giant cockroach.
The giant cockroach is heavily wounded.
You block the giant cockroach's attack.
You slash the giant cockroach!
You kill the giant cockroach!
No target in view!
No target in view!
No target in view!
No target in view!
Key pressed, stopping explore.
You pick up a book of Displacement and begin reading...
You add the spells Lesser Beckoning, Gell's Gravitas and Teleport Other to your library.
No target in view!
No target in view!
No target in view!
No target in view!
You open the door.
There is an open door here.
An ogre comes into view. It is wielding a +0 giant club.
An ogre is nearby!
You block the ogre's attack.
You see here 11 gold pieces.
You barely miss the ogre. The ogre barely misses you.
You barely miss the ogre. The ogre hits you with a +0 giant club.
You closely miss the ogre. You block the ogre's attack.
You slash the ogre!
The ogre is heavily wounded.
You block the ogre's attack. The ogre hits you with a +0 giant club!
You are too injured to fight recklessly!
You are too injured to fight recklessly!
You are too injured to fight recklessly!
You are too injured to fight recklessly!
You are too injured to fight recklessly!
You are too injured to fight recklessly!
You are too injured to fight recklessly!
You slash the ogre!
The ogre is almost dead.
The ogre hits you with a +0 giant club!!
Ouch! That really hurt!
You die...

###
#####.##..########'##
.................#
.................#
.................#
..###...##....##.#
###...##########
#............
+............
#....@.......
#....O.......
####..##.##.# #..# ##
# #... #... #...
#....


You could see an ogre.

Vanquished Creatures
  2 orc priests (D:3)
  An orc wizard (D:3)
  Robin (D:4)
  3 adders
  An adder skeleton (D:4)
  3 worms
  A dart slug (D:1)
  9 orcs (D:3)
  3 bats
  6 endoplasms
  2 giant cockroaches
  19 goblins
  8 hobgoblins
  8 jackals
  6 kobolds
  3 quokkas
  8 ball pythons
  2 frilled lizards
  10 rats
96 creatures vanquished.

Notes
Turn   | Place    | Note
-------+----------+-------------------------------------------
     0 | D:1      | bande the Gargoyle Fighter began the quest for the Orb.
     0 | D:1      | Reached XP level 1. HP: 14/14 MP: 1/1
    38 | D:1      | Reached XP level 2. HP: 19/19 MP: 2/2
    42 | D:1      | Noticed a shining eye
    44 | D:1      | Found a faded altar of an unknown god.
    46 | D:1      | Noticed a floating eye
    46 | D:1      | Noticed a great orb of eyes
    46 | D:1      | Noticed a golden eye
   418 | D:1      | Reached XP level 3. HP: 14/24 MP: 3/3
  1371 | D:2      | Reached XP level 4. HP: 29/29 MP: 4/4
  1436 | D:2      | Found Illeiff's Jewellery Boutique.
  2352 | D:3      | Reached XP level 5. HP: 27/33 MP: 5/5
  2797 | D:3      | Found a white marble altar of Elyvilon.
  3138 | D:4      | Identified a scroll of acquirement
  3138 | D:4      | Acquired a +2 kite shield of protection
  3174 | D:4      | Noticed Robin
  3180 | D:4      | Reached XP level 6. HP: 36/38 MP: 6/6
  3182 | D:4      | Killed Robin
  3339 | D:4      | Slain by an ogre

Illustrated notes

Levels and vault maps discovered:
D:1:      heliophobic_arrival_ceremonial_halls, layout_loops_ring,
          hellmonk_ecumenical_altar_watching_god, minivault_27,
          due_unseen_surprise
D:2:      minmay_skewed_foursquare, layout_rooms, serial_shops, shop,
          nicolae_elevator_lobby_plus
D:3:      wander_river, layout_loops_ring, elyvilon_altar_3
D:4:      layout_gridville, overflow_temple_1_default,
          nicolae_uskayaw_dance_hall, uniq_robin

Skill      XL: |  1  2  3  4  5 |
---------------+----------------+-----
Axes           | 2 3 4 |  4.1
Armour         | 4 |  4.5
Fighting       | 4 |  4.1
Stealth        | |  0.3
Shields        | |  3.8

Action                   |  1- 3 |  4- 6 || total
-------------------------+-------+-------++-------
Melee: War axe           |   112 |   161 ||   273
  Use: Scroll            |       |    12 ||    12
Armor: Scale mail        |    74 |    62 ||   136
       Chain mail        |       |    32 ||    32
Dodge: Dodged            |    61 |    55 ||   116
Block: Buckler           |    25 |    25 ||    50
       Kite shield       |       |    18 ||    18

Table legend: (Time is in decaauts)
 A = Elapsed time spent in this place.
 B = Non-inter-level travel time spent in this place.
 C = Inter-level travel time spent in this place.
 D = Time resting spent in this place.
 E = Time spent auto-exploring this place.
 F = Levels seen in this place.
 G = Mean time per level.
                   A        B        C        D        E       F      G
               +--------+--------+--------+--------+--------+-----+--------+
         Total |   3450 |   3429 |     21 |    214 |   2303 |   4 |  862.5 |
       Dungeon |   3450 |   3429 |     21 |    214 |   2303 |   4 |  862.5 |
               +--------+--------+--------+--------+--------+-----+--------+

Top non-repeatable levels by time:
     D:3: 1150 daAuts
     D:1: 1085 daAuts
     D:2: 996 daAuts
     D:4: 218 daAuts
